 Dungeon Crawl Stone Soup version 0.17-a0-1596-g1e86911 (webtiles) character file.

1879 Mygna the Destroyer (level 9, -3/45 HPs)
             Began as a Tengu Conjurer on July 30, 2015.
             Was a Priest of Vehumet.
             Killed from afar by an electric eel (15 damage)
             ... with a bolt of electricity
             ... on level 6 of the Dungeon.
             The game lasted 00:23:13 (6538 turns).

Mygna the Destroyer (Tengu Conjurer)                Turns: 6538, Time: 00:23:15

Health: -3/45      AC:  9    Str: 10    XL:     9   Next: 14%
Magic:  19/20      EV: 12    Int: 18    God:    Vehumet [***...]
Gold:   292        SH:  0    Dex: 14    Spells: 5 memorised, 7 levels left

rFire  . . .     SeeInvis +     u - +0 morningstar (protect)
rCold  . . .     Clarity  +     a - +0 robe
rNeg   + . .     SustAt   .     (no shield)
rPois  .         Gourm    .     (helmet restricted)
rElec  .         Spirit   .     (no cloak)
rCorr  .         Warding  .     i - +1 pair of gloves
rMut   .         Stasis   .     (boots unavailable)
MR     .....                    e - amulet of clarity
Stlth  ++........               r - ring of positive energy
                                y - ring of see invisible

@: not resistant to hostile enchantments, unstealthy
A: beak, talons 3, able to fly 1
a: Fly, Renounce Religion


You were on level 6 of the Dungeon.
You worshipped Vehumet.
Vehumet was most pleased with you.
You were very hungry.

You visited 2 branches of the dungeon, and saw 7 of its levels.

You collected 292 gold pieces.

Inventory:

Hand weapons
 u - a +0 morningstar of protection (weapon)
 x - a +0 quarterstaff
Armour
 a - a +0 robe (worn)
 f - the +4 shield of Socynud {rN++ MP+9 Str+2 Stlth-}
   (You found it on level 4 of the Dungeon)

   It affects your strength (+2).
   It greatly protects you from negative energy.
   It affects your magic capacity (+9).
   It makes you less stealthy.
 i - a +1 pair of gloves (worn)
 s - a +2 ring mail of poison resistance
Jewellery
 e - an amulet of clarity (around neck)
 r - a ring of positive energy (right hand)
 y - a ring of see invisible (left hand)
Magical devices
 l - a wand of paralysis (1)
 n - a wand of random effects (29)
 o - a wand of teleportation (3)
 B - a wand of magic darts (22)
Scrolls
 p - a scroll of teleportation
 q - a scroll of enchant armour
 D - 2 scrolls of remove curse
Potions
 d - a potion of lignification
 h - a potion of brilliance {unknown}
 k - 5 potions of agility
 m - a potion of invisibility
 t - a potion of cancellation {unknown}
 E - a potion of curing
Books
 b - a book of Conjurations

   Spells                             Type                      Level
   a - Magic Dart                     Conjuration                  1
   b - Searing Ray                    Conjuration                  2
   c - Dazzling Spray                 Conjuration/Hexes            3
   d - Fulminant Prism                Conjuration/Hexes            4
   e - Iskenderun's Mystic Blast      Conjuration                  4
   f - Iskenderun's Battlesphere      Conjuration/Charms           5
Comestibles
 c - 3 bread rations
 g - 2 fruits
 j - 3 beef jerkies
 v - a slice of pizza
 z - 2 meat rations


   Skills:
 - Level 2.1 Dodging
 - Level 2.0 Stealth
 * Level 7.1 Spellcasting
 + Level 8.5 Conjurations
 - Level 3.0 Hexes
 * Level 4.6 Charms


You had 7 spell levels left.
You knew the following spells:

 Your Spells              Type           Power        Failure   Level  Hunger
a - Magic Dart            Conj           ####         1%          1    None
b - Searing Ray           Conj           #####.       1%          2    None
c - Dazzling Spray        Conj/Hex       ####....     1%          3    ##.....
d - Iskenderun's Mystic   Conj           #####...     1%          4    ####...
e - Iskenderun's Battles  Conj/Chrm      ####....     7%          5    #####..


Dungeon Overview and Level Annotations

Branches:
Dungeon (6/15)             Temple (1/1) D:5

Altars:
Ashenzari
Cheibriados
Dithmenos
Elyvilon
Fedhas
Kikubaaqudgha
Makhleb
Nemelex Xobeh
Qazlal
Ru
Trog
Vehumet
Xom
Yredelemnul
Zin
The Shining One


Innate Abilities, Weirdness & Mutations

You have a beak for a mouth.
You have claws for feet.
You can fly.


Message History

Vehumet accepts your kill.
You feel your power returning.
You start resting.
You are feeling very hungry.
An electric eel comes into view.
The electric eel moves out of view.
The electric eel shoots out a bolt of lightning at you!
The bolt of electricity hits you! x2
Casting: Magic Dart
Confirm with . or Enter, or press ? or * to list all spells.
Aiming: Magic Dart
Press: ? - help, Shift-Dir - straight line, f - electric eel
Aim: an electric eel The magic dart hits the electric eel.
The electric eel is moderately wounded.
The electric eel shoots out a bolt of lightning at you!
The bolt of electricity hits you!
* * * LOW HITPOINT WARNING * * *
The bolt of electricity hits you!
You die...

....... ≈≈≈≈PPPP......#
#..... ≈≈≈PP≈≈.......#
#.... ;≈≈≈P≈≈......#####
#...
♣♣♣#...........PPP..###..
....#..........≈≈≈P≈≈##..
.............P≈ P≈P#...
............≈≈≈ ♣♣P#.##
#..@# #P. ♣≈≈P.## #...#
#PP≈ ♣♣≈..## ##..##
#PP♣♣♣♣P≈P## ###...#
#.≈≈≈♣♣≈≈≈P#
#.....###.PP≈≈≈≈≈###
#.###.....#PPP.###
#.###..######.####
#.♣≈≈..## ##....##
#.P≈≈≈≈.####......#


You could see an electric eel.

Vanquished Creatures
  Prince Ribbit (D:5)
  Sigmund (D:5)
  Menkaure (D:5)
  Edmund (D:4)
  A sky beast (D:5)
  3 ogres
  2 centaurs
  A phantom (D:4)
  4 crimson imps
  2 centaur zombies
  2 orc priests (D:4)
  A hound (D:6)
  2 orc wizards (D:3)
  Jessica (D:2)
  Terence (D:2)
  An iguana (D:5)
  2 worker ants
  3 gnolls (D:4)
  7 adders
  An ooze (D:3)
  An adder skeleton (D:4)
  4 worms
  5 giant geckos
  25 orcs
  3 ball pythons
  5 giant cockroaches
  2 gnoll zombies (D:2)
  7 goblins
  6 hobgoblins
  3 jackals (D:5)
  9 kobolds
  6 quokkas
  10 bats
  3 giant newts
  A goblin skeleton (D:4)
  A goblin zombie (D:4)
  4 hobgoblin zombies (D:4)
  A jackal skeleton (D:5)
  A kobold skeleton (D:4)
  4 kobold zombies (D:4)
  An orc skeleton (D:4)
  An orc zombie (D:4)
  A quokka skeleton (D:4)
  4 rats
  A toadstool (D:1)
147 creatures vanquished.

Vanquished Creatures (others)
  3 toadstools (D:1)
3 creatures vanquished.

Grand Total: 150 creatures vanquished

Notes
Turn   | Place    | Note
--------------------------------------------------------------
     0 | D:1      | Mygna the Tengu Conjurer began the quest for the Orb.
     0 | D:1      | Reached XP level 1. HP: 10/10 MP: 4/4
   183 | D:1      | Reached XP level 2. HP: 15/15 MP: 3/6
   187 | D:1      | Learned a level 2 spell: Searing Ray
   345 | D:1      | Reached skill level 6 in Conjurations
   681 | D:1      | Reached XP level 3. HP: 19/19 MP: 2/7
   726 | D:1      | Learned a level 3 spell: Dazzling Spray
  1119 | D:2      | Noticed Terence
  1386 | D:2      | Killed Terence
  1386 | D:2      | Reached skill level 1 in Hexes
  1386 | D:2      | Reached XP level 4. HP: 15/24 MP: 0/9
  1577 | D:2      | Noticed Jessica
  1619 | D:2      | Killed Jessica
  1623 | D:2      | Found a basalt altar of Yredelemnul.
  1635 | D:2      | Gained mutation: You can fly. [Tengu growth]
  1635 | D:2      | Reached XP level 5. HP: 18/28 MP: 3/10
  1698 | D:2      | Learned a level 4 spell: Iskenderun's Mystic Blast
  1845 | D:2      | Found a radiant altar of Vehumet.
  1859 | D:2      | Became a worshipper of Vehumet
  2832 | D:3      | Acquired Vehumet's first power
  2832 | D:3      | Offered knowledge of Sting by Vehumet.
  3182 | D:3      | Reached XP level 6. HP: 32/32 MP: 8/12
  3199 | D:3      | Noticed a centaur
  3229 | D:3      | Killed a centaur
  3835 | D:4      | Found a bloodstained altar of Trog.
  3837 | D:4      | Found an ancient bone altar of Kikubaaqudgha.
  3897 | D:4      | Found a glowing golden altar of the Shining One.
  3913 | D:4      | Offered knowledge of Throw Flame by Vehumet.
  3945 | D:4      | Got a dazzling shield
  4075 | D:3      | Identified the +4 shield of Socynud {rN++ MP+9 Str+2 Stlth-} (You found it on level 4 of the Dungeon)
  4128 | D:4      | Reached XP level 7. HP: 22/36 MP: 4/15
  4540 | D:4      | Reached skill level 5 in Spellcasting
  4737 | D:4      | Learned a level 5 spell: Iskenderun's Battlesphere
  4757 | D:4      | Reached skill level 7 in Conjurations
  4790 | D:4      | Reached skill level 1 in Charms
  4816 | D:4      | Noticed Edmund
  4836 | D:4      | Killed Edmund
  5127 | D:4      | Offered knowledge of Stone Arrow by Vehumet.
  5257 | D:5      | Entered Level 5 of the Dungeon
  5265 | D:5      | Reached XP level 8. HP: 41/41 MP: 11/17
  5427 | D:5      | Found a staircase to the Ecumenical Temple.
  5450 | Temple   | Entered the Ecumenical Temple
  5486 | D:5      | Found a blossoming altar of Fedhas.
  5515 | D:5      | Noticed Prince Ribbit
  5526 | D:5      | Killed Prince Ribbit
  5593 | D:5      | Noticed Sigmund
  5595 | D:5      | Got a slimy quarterstaff
  5602 | D:5      | Killed Sigmund
  5602 | D:5      | Reached skill level 8 in Conjurations
  5615 | D:5      | Identified the cursed +3 quarterstaff of the Known World {antimagic, Dex+5} (You found it on level 5 of the Dungeon)
  5752 | D:5      | Noticed Menkaure
  5761 | D:5      | Killed Menkaure
  5854 | D:5      | Found a sparkling altar of Nemelex Xobeh.
  5865 | D:5      | Found a sacrificial altar of Ru.
  5911 | D:5      | Reached XP level 9. HP: 45/45 MP: 9/20
  5922 | D:5      | Acquired Vehumet's second power
  6366 | D:5      | Found a shadowy altar of Dithmenos.
  6538 | D:6      | Killed from afar by an electric eel

Vault maps used:
D:1:      ldierk_water_garden, serial_bayou_lagoon_a
D:2:      lemuel_zombie_altar_yredelemnul, vehumet_crystals, uniq_terence,
          uniq_jessica
D:4:      grunt_temple_overflow_open, nicolae_tso_besieged_by_evil,
          serial_park_tiny_pond, uniq_edmund
D:5:      lemuel_round_altar, amethyst_overflow_temple_binary, first_bread,
          fedhas_bush_and_centaur_altar, uniq_menkaure, uniq_prince_ribbit1,
          uniq_sigmund
D:6:      kennysheep_mini_moat, serial_bayou, serial_bayou_crossing,
          serial_bayou_shore_a, serial_bayou_pond_c, serial_bayou_shore_b,
          serial_bayou_pond_e, evilmike_ruin_ashenzari, uniq_eustachio,
          uniq_pikel
Temple:   temple_island_7

Action                   |  1- 3 |  4- 6 |  7- 9 || total
-------------------------+-------+-------+-------++-------
Melee: Unarmed           |     3 |       |       ||     3
       Whip              |    14 |    22 |       ||    36
       Flail             |       |    47 |     5 ||    52
       Morningstar       |       |       |    26 ||    26
 Cast: Magic Dart        |    55 |   103 |    65 ||   223
       Dazzling Spray    |     2 |     8 |    21 ||    31
       Searing Ray       |     2 |    10 |    13 ||    25
Evoke: Wand              |       |     1 |     5 ||     6
  Use: Scroll            |       |     8 |     5 ||    13
 Stab: Sleeping          |       |     1 |     1 ||     2
       Invisible         |       |       |     3 ||     3
  Eat: Chunk             |     2 |     9 |     9 ||    20
